 Dungeon Crawl Stone Soup version 0.27-a0-951-gae3e1deef5 (webtiles) character file.

Game seed: 17468796389683270280

589 wakim the Insei (level 7, -3/46 HPs)
             Began as an Octopode Transmuter on Apr 11, 2021.
             Was a Follower of Trog.
             Slain by Menkaure (17 damage)
             ... on level 4 of the Dungeon.
             The game lasted 00:14:19 (5538 turns).

wakim the Insei (Octopode Transmuter)               Turns: 5538, Time: 00:14:20

Health: -3/46      AC:  1    Str: 11    XL:     7   Next: 38%
Magic:  10/10      EV: 10    Int: 16    God:    Trog [*.....]
Gold:   142        SH:  7    Dex: 12    Spells: 6/10 levels left

rFire    . . .     SeeInvis .   b - +2 flail (holy)
rCold    . . .     Faith    .   e - +0 kite shield
rNeg     . . .     Spirit   .   (helmet restricted)
rPois    +         Reflect  .   (no amulet)
rElec    .         Harm     .   c - ring of poison resistance
rCorr    .         Rampage  .   (no ring)
Will     .....                  (no ring)
Stlth    +++.......             (no ring)
HPRegen  0.15/turn              (no ring)
MPRegen  0.12/turn              (no ring)
                                (no ring)
                                (no ring)

@: no status effects
A: almost no armour, amphibious, 8 rings, camouflage 1, gelatinous body 1,
(nimble swimmer 1), tentacles
a: Renounce Religion, Berserk


You were on level 4 of the Dungeon.
You worshipped Trog.
Trog was aware of your devotion.
You visited 1 branch of the dungeon, and saw 4 of its levels.
You also visited: Sewer.

You collected 142 gold pieces.

Inventory:

Hand Weapons
 b - a +2 flail of holy wrath (weapon)
Missiles
 f - 12 poisoned darts (quivered)
 j - a curare-tipped dart {=f}
Armour
 e - a +0 kite shield (worn)
Jewellery
 c - a ring of poison resistance (left tentacle)
 d - a ring of ice
Wands
 t - a wand of digging (6)
Scrolls
 r - a scroll of identify
 U - 3 scrolls of fear
 Y - 3 scrolls of blinking {!r}
Potions
 a - a potion of mutation {unknown}
 g - a potion of curing {unknown}
 h - a potion of brilliance {unknown}
 i - a potion of might {unknown}
 k - a potion of attraction {unknown}
 G - 2 potions of flight
 H - a potion of haste
 K - 3 potions of magic


   Skills:
 * Level 3.6 Fighting
 + Level 2.2 Dodging
 - Level 4.0 Stealth
 * Level 1.2 Shields
 + Level 5.7 Unarmed Combat
 - Level 2.0 Spellcasting
 - Level 3.5 Transmutations


You had 6 spell levels left.
You knew the following spells:

 Your Spells              Type           Power      Damage    Failure   Level
a - Beastly Appendage     Tmut           24%        N/A       28%         1
x - Spider Form           Tmut/Pois      3%         N/A       87%         3

Your spell library contained the following spells:

 Spells                   Type           Power      Damage    Failure   Level
 Wereblood                Tmut           12%        N/A       41%         2
 Ice Form                 Ice/Tmut       7%         N/A       99%         4
 Hydra Form               Tmut           6%         N/A       100%        5


Dungeon Overview and Level Annotations

Branches:
Dungeon (4/15)              Sewer (visited)
 Temple: D:4-7

Altars:
Hepliaklqana
Ru
Trog
Yredelemnul

Annotations:
D:4 Menkaure


Innate Abilities, Weirdness & Mutations

You cannot wear most types of armour.
You are amphibious.
You can wear up to eight rings at the same time.
Your skin changes colour to match your surroundings (Stealth+).
Your rubbery body absorbs attacks. (AC +1, EV +1)
((You are camouflaged near water. (Stealth+)))
You have tentacles for arms and can constrict up to eight enemies at once.


Message History

You constrict the orc priest.
The orc priest hits you with a +0 flail.
You tentacle-slap the orc priest. You squeeze the orc priest.
You kill the orc priest!
Trog accepts your kill.
HP restored.
Things that are here:
4 boomerangs; a +0 club; an orc skeleton Done exploring.
Your +2 flail of holy wrath softly glows with a divine radiance!
b - a +2 flail of holy wrath (weapon)
There is a stone staircase leading down, spattered with blood here.
You climb downwards.
Level annotation: Menkaure The orc hits you with a +0 club. x2
There is a stone staircase leading up, spattered with blood here.
You barely miss the orc. You grab the orc. You constrict the orc.
An adder skeleton comes into view.
You block the orc's attack.
You hit the orc.
The orc is heavily wounded.
You constrict the orc. The orc hits you with a +0 club.
Menkaure mumbles some strange words.
Menkaure seems to speed up.
The orc hits you with a +0 club.
You sock the orc!
You kill the orc!
Trog accepts your kill.
You sock the adder skeleton!
The adder skeleton convulses.
You destroy the adder skeleton!
Trog accepts your kill.
Menkaure gestures at you while chanting.
Pain shoots through your body!
You barely miss Menkaure. Your grab misses Menkaure.
You tentacle-slap Menkaure.
Menkaure is lightly damaged.
Menkaure calls on the powers of darkness!
Your body is wracked with pain!
* * * LOW HITPOINT WARNING * * *
Menkaure hits you!
You die...

.... . ######
###.......... .. #..#.#
#............
..##..#.####............
.........#.......#....#
.#..##...........#...##
......................#
........:.......M.....## .
...8.8.8........@......#..
.........(....(.<.........
...............)..........
......................>...
................#.....#...
................#..#.##
.......8.....###..####
.............#.....
.8.8...8............


You could see Menkaure (fast).

Vanquished Creatures
  4 kobold brigands (Sewer)
  A hound (D:4)
  2 orc priests (D:3)
  9 adders
  A gnoll (D:3)
  2 river rats
  An adder skeleton (D:4)
  5 worms
  2 dart slugs (D:3)
  5 orcs
  10 endoplasms
  6 giant cockroaches
  4 hobgoblins
  5 jackals
  6 quokkas
  7 ball pythons
  6 bats
  3 goblins
  10 kobolds
  10 rats
99 creatures vanquished.

Notes
Turn   | Place    | Note
-------+----------+-------------------------------------------
     0 | D:1      | wakim the Octopode Transmuter began the quest for the Orb.
     0 | D:1      | Reached XP level 1. HP: 13/13 MP: 3/3
   274 | D:1      | Reached skill level 1 in Stealth
   297 | D:1      | Reached XP level 2. HP: 18/18 MP: 3/5
  1061 | D:1      | Reached XP level 3. HP: 15/23 MP: 4/6
  1253 | D:1      | Learned a level 3 spell: Spider Form
  1522 | D:2      | Found a basalt altar of Yredelemnul.
  1995 | D:2      | Reached XP level 4. HP: 18/29 MP: 5/7
  2617 | D:3      | Found a faded altar of an unknown god.
  2618 | D:3      | Found a hazy altar of Hepliaklqana.
  2629 | D:3      | Became a worshipper of Ru the Awakened
  2718 | D:3      | Reached skill level 4 in Unarmed Combat
  2752 | D:3      | Found a glowing drain.
  2777 | Sewer    | Entered a sewer
  2832 | Sewer    | Reached XP level 5. HP: 34/34 MP: 8/8
  2841 | Sewer    | Noticed a kobold brigand
  2864 | Sewer    | Killed a kobold brigand
  3272 | Sewer    | Noticed a kobold brigand
  3290 | Sewer    | Killed a kobold brigand
  3291 | Sewer    | Reached skill level 5 in Unarmed Combat
  3291 | Sewer    | Reached XP level 6. HP: 25/41 MP: 9/9
  3673 | Sewer    | Reached XP level 7. HP: 46/46 MP: 10/10
  4129 | D:3      | Found a faded altar of an unknown god.
  4163 | D:3      | Fell from the grace of Ru
  4163 | D:3      | Became a worshipper of Trog the Wrathful
  4163 | D:3      | Reached * piety under Trog
  5259 | D:3      | Reached skill level 1 in Shields
  5393 | D:4      | Noticed Menkaure
  5538 | D:4      | Slain by Menkaure

Illustrated notes

Levels and vault maps discovered:
D:1:      scummos_arrival_hexagon, layout_loops_cross
D:2:      layout_loops_ring, basic_altar
D:3:      cheibrodos_old_hovel, layout_basic,
          beargit_hepliaklqana_dungeon_heroes, serial_forest,
          infiniplex_forest_straight_1, infiniplex_forest_clump_tiny,
          infiniplex_forest_end_2, infiniplex_forest_zigzag_1,
          infiniplex_forest_clump_medium, chequers_ecumenical_altar_twisty,
          gup_sewer_entry_bubbles
D:4:      layout_cave_pools, minmay_temple_entry_sparse_star,
          serial_column_ruins, column_ruins_square_large,
          column_ruins_circle_small, column_ruins_open_small,
          column_ruins_corridor_corner, column_ruins_corridor_straight,
          column_ruins_open_tiny, column_ruins_open_medium,
          hangedman_decor_peaks_small, uniq_menkaure

Skill      XL: |  1  2  3  4  5  6  7 |
---------------+----------------------+-----
Stealth        | 1 2 3 4 |  4.0
Unarmed Combat | 4 5 |  5.7
Fighting       | 2 3 |  3.6
Transmutations | 3 |  3.5
Shields        | 1 |  1.2
Dodging        | |  2.2
Spellcasting   | |  2.0

Action                   |  1- 3 |  4- 6 |  7- 9 || total
-------------------------+-------+-------+-------++-------
Melee: Unarmed           |    84 |    84 |    32 ||   200
       Constrict         |    21 |    20 |    14 ||    55
       Kick              |    16 |    19 |     3 ||    38
       Tentacles         |    10 |    16 |    11 ||    37
       Punch             |     1 |     3 |     2 ||     6
       Flail             |       |       |    12 ||    12
Throw: Dart              |       |     6 |     8 ||    14
 Cast: Beastly Appendage |    28 |    27 |     7 ||    62
Invok: Berserk           |       |       |     1 ||     1
  Use: Scroll            |     3 |     2 |     2 ||     7
 Stab: Sleeping          |     7 |    14 |     1 ||    22
Armor: Skin              |     9 |       |     2 ||    11
Dodge: Dodged            |    54 |    30 |    19 ||   103
Block: Kite shield       |       |       |    11 ||    11

Table legend: (Time is in decaauts)
 A = Elapsed time spent in this place.
 B = Non-inter-level travel time spent in this place.
 C = Inter-level travel time spent in this place.
 D = Time resting spent in this place.
 E = Time spent auto-exploring this place.
 F = Levels seen in this place.
 G = Mean time per level.
                   A        B        C        D        E       F      G
               +--------+--------+--------+--------+--------+-----+--------+
         Total |   5546 |   5364 |    182 |    411 |   3853 |   5 | 1109.2 |
       Dungeon |   4517 |   4335 |    182 |    411 |   3105 |   4 | 1129.2 |
         Sewer |   1028 |   1028 |      0 |      0 |    748 |   1 | 1028.0 |
               +--------+--------+--------+--------+--------+-----+--------+

Top non-repeatable levels by time:
     D:3: 2042 daAuts
     D:1: 1251 daAuts
     D:2: 1138 daAuts
   Sewer: 1028 daAuts
     D:4: 85 daAuts
